[Event "CZE-ch U16 Girls 2023"]
[Site "Teplice"]
[Date "2023.03.14"]
[Round "5.9"]
[White "Hetfleischova, Elen"]
[Black "Sterikova, Marketa"]
[Result "1/2-1/2"]
[ECO "C02"]
[WhiteElo "1623"]
[BlackElo "1254"]
[Annotator "NA RC COMBH"]
[PlyCount "62"]
[EventDate "2023.03.09"]
[EventType "swiss"]
[EventCountry "CZE"]
[SourceTitle "playchess.com"]
[Source "ChessBase"]
[SourceQuality "1"]
[TimeControl "40/5400+30:1800+30"]

1. e4 e6 2. d4 d5 3. e5 c5 4. Nf3 Nc6 5. c3 Bd7 6. Be3 Qb6 7. Qc2 h6 8. Nbd2 cxd4 9. Nxd4 Nxd4 10. Bxd4 Bc5 11. Nf3 Ne7 12. Bd3 Rc8 13. O-O Bxd4 14. Nxd4 Nc6 15. Nxc6 Bxc6 16. Rae1 O-O 17. Re3 d4 18. Rh3 dxc3 19. bxc3 Qd8 20. Rd1 Qg5 21. Rg3 Qxe5 22. f4 Qc5+ 23. Kh1 Bb5 24. Be4 Rc7 25. Qb2 Bc6 26. c4 f5 27. Bd3 Be4 28. Be2 Re7 29. Rf1 Kh7 30. Rd1 b6 31. Qc3 Rc8 1/2-1/2

[Event "CZE-ch U16 Girls 2023"]
[Site "Teplice"]
[Date "2023.03.14"]
[Round "5.10"]
[White "Reznickova, Sibyla"]
[Black "Foldynova, Julie"]
[Result "1-0"]
[ECO "D56"]
[WhiteElo "1386"]
[BlackElo "1100"]
[Annotator "NA RC COMBH"]
[PlyCount "39"]
[EventDate "2023.03.09"]
[EventType "swiss"]
[EventCountry "CZE"]
[SourceTitle "playchess.com"]
[Source "ChessBase"]
[SourceQuality "1"]
[TimeControl "40/5400+30:1800+30"]

1. d4 d5 2. c4 e6 3. Nc3 Nf6 4. Bg5 Be7 5. Nf3 h6 6. Bh4 O-O 7. e3 Nbd7 8. Bd3 b6 9. O-O Bb7 10. Re1 c5 11. Rc1 dxc4 12. Bxc4 Rc8 13. b3 cxd4 14. Nxd4 Nc5 15. f3 e5 16. Nf5 Re8 17. Bxf6 gxf6 18. Nxh6+ Kf8 19. Qc2 Bd6 20. Qh7 1-0

[Event "CZE-ch U16 Girls 2023"]
[Site "Teplice"]
[Date "2023.03.14"]
[Round "5.11"]
[White "Mullerova, Karina Nela"]
[Black "Andilova, Klara"]
[Result "1-0"]
[ECO "A00"]
[WhiteElo "1283"]
[BlackElo "1104"]
[Annotator "NA RC COMBH"]
[PlyCount "65"]
[EventDate "2023.03.09"]
[EventType "swiss"]
[EventCountry "CZE"]
[SourceTitle "playchess.com"]
[Source "ChessBase"]
[SourceQuality "1"]
[TimeControl "40/5400+30:1800+30"]

1. b4 e5 2. Bb2 Bxb4 3. Bxe5 Nf6 4. c4 Nc6 5. Bc3 Be7 6. d4 d5 7. e3 O-O 8. Nf3 Bf5 9. Bd3 Qd7 10. Qe2 Bd8 11. Nbd2 Re8 12. O-O Ne4 13. Bb2 Bf6 14. cxd5 Qxd5 15. Bc4 Qd6 16. Nxe4 Bxe4 17. Rfd1 Qe7 18. a4 Qd7 19. Nd2 Bd5 20. Rab1 Qf5 21. Bd3 Qg5 22. Nf3 Qh5 23. Bc3 Bxf3 24. Qxf3 Qxf3 25. gxf3 Rab8 26. Rdc1 Red8 27. Be4 g6 28. Rb2 Ne7 29. Rxb7 Rxb7 30. Bxb7 Rb8 31. Be4 c6 32. Ba5 Rc8 33. Bb4 1-0

[Event "CZE-ch U16 Girls 2023"]
[Site "Teplice"]
[Date "2023.03.15"]
[Round "6.1"]
[White "Cinkova, Vicky"]
[Black "Zelbova, Lada"]
[Result "0-1"]
[ECO "A21"]
[WhiteElo "1285"]
[BlackElo "1822"]
[Annotator "NA RC COMBH"]
[PlyCount "66"]
[EventDate "2023.03.09"]
[EventType "swiss"]
[EventCountry "CZE"]
[SourceTitle "playchess.com"]
[Source "ChessBase"]
[SourceQuality "1"]
[TimeControl "40/5400+30:1800+30"]

1. c4 e5 2. Nc3 g6 3. e4 Bg7 4. d3 Nc6 5. Be3 Nge7 6. Qd2 Nd4 7. Be2 d6 8. h3 Nec6 9. g4 a6 10. h4 Nxe2 11. Qxe2 Nd4 12. Qd1 h6 13. g5 (13. h5 $17) 13... h5 14. f3 c6 15. Nce2 Qb6 16. Nxd4 exd4 17. Bc1 O-O 18. Kf2 {[%emt 0:03:48] [#]} ({White should play} 18. Qc2) 18... d5 $1 19. b3 Be6 20. Ba3 (20. Kg2 $17) 20... Rfe8 21. c5 Qa5 22. Qc1 Bf8 23. Ne2 dxe4 24. Nxd4 exd3 25. b4 Qd8 26. Bb2 Bg7 27. Nxe6 Rxe6 28. Bxg7 Re2+ 29. Kf1 Qd5 30. Rh3 Kxg7 31. Qc3+ Kg8 32. Rd1 Rae8 33. Qxd3 $19 Re1+ 0-1

[Event "CZE-ch U16 Girls 2023"]
[Site "Teplice"]
[Date "2023.03.15"]
[Round "6.2"]
[White "Dudkova, Josefina"]
[Black "Havelkova, Beata"]
[Result "0-1"]
[ECO "A45"]
[WhiteElo "1519"]
[BlackElo "1670"]
[Annotator "NA RC COMBH"]
[PlyCount "88"]
[EventDate "2023.03.09"]
[EventType "swiss"]
[EventCountry "CZE"]
[SourceTitle "playchess.com"]
[Source "ChessBase"]
[SourceQuality "1"]
[TimeControl "40/5400+30:1800+30"]

1. d4 Nf6 2. Bf4 g6 3. Nc3 Bg7 4. Qd2 d6 5. O-O-O Nbd7 6. e4 h6 7. Bc4 g5 8. Bg3 Nb6 9. Bb3 Be6 10. Bxe6 fxe6 11. h4 Nh5 12. Qe2 Nxg3 13. fxg3 Kd7 14. d5 Qg8 15. hxg5 Bxc3 16. bxc3 Qxg5+ 17. Qd2 Rag8 18. Qxg5 Rxg5 19. dxe6+ Kxe6 20. Ne2 Kd7 21. Rdf1 Ra5 22. Kb1 Nc4 23. Rf4 Re5 24. Kc1 Ne3 25. Rh2 Rh7 26. Nd4 Ra5 27. Kb2 e5 28. Nb3 Nc4+ 29. Kb1 exf4 30. Nxa5 Nxa5 31. gxf4 Nc4 32. Kc1 Re7 33. Kd1 Rxe4 34. g3 Ne3+ 35. Kc1 Nf1 36. Rg2 Ke6 37. Rg1 Nh2 38. Rh1 Ng4 39. Rh4 Kf5 40. Rh5+ Kg6 41. Rh4 h5 42. Kd2 Ra4 43. f5+ Kg5 44. f6 Ra5 0-1

[Event "CZE-ch U16 Girls 2023"]
[Site "Teplice"]
[Date "2023.03.15"]
[Round "6.3"]
[White "Janouskova, Adela"]
[Black "Stavova, Marketa"]
[Result "1/2-1/2"]
[ECO "C45"]
[WhiteElo "1558"]
[BlackElo "1284"]
[Annotator "NA RC COMBH"]
[PlyCount "71"]
[EventDate "2023.03.09"]
[EventType "swiss"]
[EventCountry "CZE"]
[SourceTitle "playchess.com"]
[Source "ChessBase"]
[SourceQuality "1"]
[TimeControl "40/5400+30:1800+30"]

1. e4 e5 2. Nf3 Nc6 3. d4 exd4 4. Nxd4 Bc5 5. Nb3 Bb6 6. Nc3 Nge7 7. Qe2 d6 8. Be3 Be6 9. O-O-O Qd7 10. g3 O-O-O 11. Bxb6 axb6 12. Bg2 Kb8 13. h3 Qc8 14. f4 f5 15. Nd5 Rhe8 16. Nxe7 Nxe7 17. Nd4 Bd7 18. e5 dxe5 19. Qxe5 g6 20. Qe2 Nc6 21. Qc4 Nxd4 22. Rxd4 Be6 23. Rxd8 Rxd8 24. Qe2 Re8 25. Qf3 Bd7 26. Qd3 Be6 27. Rd1 h6 28. a3 g5 29. fxg5 hxg5 30. Qf3 g4 31. hxg4 fxg4 32. Qc3 Bf5 33. Re1 Rd8 34. Rd1 Re8 35. Re1 Rd8 36. Rd1 1/2-1/2

[Event "CZE-ch U16 Girls 2023"]
[Site "Teplice"]
[Date "2023.03.15"]
[Round "6.4"]
[White "Kavanova, Anezka"]
[Black "Dobsa, Emma"]
[Result "1/2-1/2"]
[ECO "C67"]
[WhiteElo "1384"]
[BlackElo "1449"]
[Annotator "NA RC COMBH"]
[PlyCount "54"]
[EventDate "2023.03.09"]
[EventType "swiss"]
[EventCountry "CZE"]
[SourceTitle "playchess.com"]
[Source "ChessBase"]
[SourceQuality "1"]
[TimeControl "40/5400+30:1800+30"]

1. e4 e5 2. Nf3 Nc6 3. Bb5 Nf6 4. O-O Nxe4 5. d4 Nd6 6. Bg5 Be7 7. Bxe7 Qxe7 8. dxe5 Nxb5 9. a4 Qb4 10. axb5 Qxb2 11. Na3 Nb4 12. Qd2 Na2 13. Qd3 Nc3 14. Nd4 Qb4 15. Rfe1 O-O 16. Re3 Nd5 17. Rh3 h6 18. Nf5 Nf4 19. Nxh6+ gxh6 20. Rg3+ Ng6 21. Rxg6+ fxg6 22. Qxg6+ Kh8 23. Qxh6+ Kg8 24. Qg6+ Kh8 25. Qh6+ Kg8 26. Qg6+ Kh8 27. Qh6+ Kg8 1/2-1/2

[Event "CZE-ch U16 Girls 2023"]
[Site "Teplice"]
[Date "2023.03.15"]
[Round "6.5"]
[White "Barteckova, Denisa"]
[Black "Vacekova, Anita"]
[Result "0-1"]
[ECO "C50"]
[WhiteElo "1417"]
[BlackElo "1350"]
[Annotator "NA RC COMBH"]
[PlyCount "88"]
[EventDate "2023.03.09"]
[EventType "swiss"]
[EventCountry "CZE"]
[SourceTitle "playchess.com"]
[Source "ChessBase"]
[SourceQuality "1"]
[TimeControl "40/5400+30:1800+30"]

1. e4 e5 2. Nf3 Nc6 3. Bc4 Nf6 4. d3 Bc5 5. c3 d6 6. h3 h6 7. O-O O-O 8. Re1 Be6 9. Bb3 Re8 10. Nbd2 Bb6 11. Bc2 Ne7 12. a4 c6 13. b4 a5 14. b5 cxb5 15. axb5 Qc7 16. c4 Ng6 17. Nb1 Nf4 18. Bxf4 exf4 19. Nc3 g5 20. Qd2 Qd7 21. Na4 Bc7 22. h4 Bg4 23. Nh2 Bh5 24. Bd1 Bg6 25. hxg5 hxg5 26. g4 Nh7 27. f3 Nf8 28. Qc3 Ne6 29. Nf1 Nc5 30. Kg2 Nxa4 31. Bxa4 b6 32. Nd2 Re7 33. Rh1 Bh7 34. Qf6 Qe6 35. Qxg5+ Bg6 36. d4 d5 37. cxd5 Qd6 38. Qh6 Qf6 39. e5 Bxe5 40. dxe5 Rxe5 41. Raf1 Re2+ 42. Rf2 Rxf2+ 43. Kxf2 Qd4+ 44. Ke1 Re8+ 0-1

[Event "CZE-ch U16 Girls 2023"]
[Site "Teplice"]
[Date "2023.03.15"]
[Round "6.6"]
[White "Reznickova, Sibyla"]
[Black "Dominikova, Denisa"]
[Result "0-1"]
[ECO "A03"]
[WhiteElo "1386"]
[BlackElo "1301"]
[Annotator "NA RC COMBH"]
[PlyCount "76"]
[EventDate "2023.03.09"]
[EventType "swiss"]
[EventCountry "CZE"]
[SourceTitle "playchess.com"]
[Source "ChessBase"]
[SourceQuality "1"]
[TimeControl "40/5400+30:1800+30"]

1. f4 d5 2. Nf3 Nf6 3. e3 g6 4. d4 Bf5 5. Nc3 Bg7 6. Bd3 Ne4 7. Bd2 O-O 8. Nh4 Nxc3 9. Bxc3 Be4 10. Qg4 f5 11. Qg3 Nd7 12. Bxe4 dxe4 13. Qh3 Nf6 14. g4 Nxg4 15. Qg3 e6 16. Ng2 Qd5 17. h3 Nf6 18. Rg1 a5 19. a3 b5 20. b4 Qc4 21. Bd2 axb4 22. Bxb4 Qxc2 23. Rd1 Rf7 24. Rd2 Qc4 25. Kf2 Bf8 26. Bxf8 Rfxf8 27. Nh4 Rf7 28. Ra1 b4 29. a4 Qc3 30. Rdd1 b3 31. Qg1 b2 32. Rab1 Rxa4 33. Ke2 c6 34. Kf2 Rfa7 35. Ke2 Ra1 36. Nxg6 Rg7 37. Rxa1 bxa1=Q 38. Rxa1 Qb2+ 0-1

[Event "CZE-ch U16 Girls 2023"]
[Site "Teplice"]
[Date "2023.03.15"]
[Round "6.8"]
[White "Sikorova, Jana"]
[Black "Macova, Marketa"]
[Result "1-0"]
[ECO "E61"]
[WhiteElo "1735"]
[BlackElo "1195"]
[Annotator "NA RC COMBH"]
[PlyCount "63"]
[EventDate "2023.03.09"]
[EventType "swiss"]
[EventCountry "CZE"]
[SourceTitle "playchess.com"]
[Source "ChessBase"]
[SourceQuality "1"]
[TimeControl "40/5400+30:1800+30"]

1. d4 Nf6 2. c4 g6 3. Nc3 Bg7 4. Bg5 d6 5. Nf3 Bg4 6. e3 Nbd7 7. Be2 c5 8. h3 Bxf3 9. Bxf3 Rb8 10. O-O O-O 11. Qd3 Re8 12. Rab1 Qc7 13. b4 b6 14. Nb5 Qd8 15. Nxa7 Qc7 16. Nb5 Qc8 17. bxc5 bxc5 18. a4 cxd4 19. exd4 Nb6 20. Rb4 Rd8 21. Na7 Qc7 22. Nc6 Rbc8 23. Nxd8 Rxd8 24. Rfb1 Na8 25. Qb3 Nd7 26. Rb7 Qc8 27. Bxe7 Re8 28. Bxd6 Bxd4 29. Qb5 Qd8 30. Qxd7 Bxf2+ 31. Kxf2 Qh4+ 32. Bg3 1-0

[Event "CZE-ch U16 Girls 2023"]
[Site "Teplice"]
[Date "2023.03.15"]
[Round "6.9"]
[White "Hetfleischova, Elen"]
[Black "Souralova, Jana"]
[Result "1-0"]
[ECO "C68"]
[WhiteElo "1623"]
[BlackElo "1187"]
[Annotator "NA RC COMBH"]
[PlyCount "36"]
[EventDate "2023.03.09"]
[EventType "swiss"]
[EventCountry "CZE"]
[SourceTitle "playchess.com"]
[Source "ChessBase"]
[SourceQuality "1"]
[TimeControl "40/5400+30:1800+30"]

1. e4 e5 2. Nf3 Nc6 3. Bb5 a6 4. Bxc6 dxc6 5. d3 Bd6 6. h3 h6 7. Nbd2 Ne7 8. Nc4 Ng6 9. Bd2 Qf6 10. Bc3 O-O 11. g3 Be6 12. Qe2 b5 13. Na5 c5 14. O-O-O b4 15. Bd2 Rfb8 16. Nh2 Rb5 17. Nc6 a5 18. Ng4 Bxg4 1-0

[Event "CZE-ch U16 Girls 2023"]
[Site "Teplice"]
[Date "2023.03.15"]
[Round "6.10"]
[White "Hrbkova, Johana"]
[Black "Seda, Michaela"]
[Result "1-0"]
[ECO "C01"]
[WhiteElo "1254"]
[BlackElo "1610"]
[Annotator "NA RC COMBH"]
[PlyCount "75"]
[EventDate "2023.03.09"]
[EventType "swiss"]
[EventCountry "CZE"]
[SourceTitle "playchess.com"]
[Source "ChessBase"]
[SourceQuality "1"]
[TimeControl "40/5400+30:1800+30"]

1. e4 e6 2. d4 d5 3. exd5 exd5 4. Nf3 Bd6 5. Bd3 Bg4 6. O-O Ne7 7. b3 O-O 8. Bxh7+ Kh8 9. Bd3 g6 10. h3 Bf5 11. c4 c6 12. Bh6 Re8 13. Ng5 Kg8 14. Qf3 f6 15. Ne6 Qd7 16. Ng7 Bxd3 17. Nxe8 Qxe8 18. Qxd3 g5 19. h4 Qh5 20. Qh3 g4 21. Qe3 Kf7 22. Re1 Kg6 23. Bg5 Qh8 24. Qe6 Nf5 25. Bxf6 Qxf6 26. Qg8+ Ng7 27. Nc3 g3 28. h5+ Kxh5 29. Qh7+ Kg5 30. Re4 gxf2+ 31. Kf1 Qh6 32. Rg4+ Kh5 33. Rh4+ Kxh4 34. Qxh6+ Nh5 35. Qxd6 Na6 36. Kxf2 Rg8 37. Rh1+ Kg4 38. Qe6+ 1-0

[Event "CZE-ch U16 Girls 2023"]
[Site "Teplice"]
[Date "2023.03.15"]
[Round "6.11"]
[White "Sterikova, Marketa"]
[Black "Vavrinkova, Marie"]
[Result "1/2-1/2"]
[ECO "B08"]
[WhiteElo "1254"]
[BlackElo "1457"]
[Annotator "NA RC COMBH"]
[PlyCount "120"]
[EventDate "2023.03.09"]
[EventType "swiss"]
[EventCountry "CZE"]
[SourceTitle "playchess.com"]
[Source "ChessBase"]
[SourceQuality "1"]
[TimeControl "40/5400+30:1800+30"]

1. e4 d6 2. d4 Nf6 3. Nc3 g6 4. Nf3 Bg7 5. Be2 O-O 6. O-O e5 7. dxe5 dxe5 8. Qxd8 Rxd8 9. Be3 c6 10. Rad1 Re8 11. Bc4 h6 12. h3 Nbd7 13. Rd2 Nh5 14. Rfd1 Nf8 15. Rd8 Be6 16. Rxa8 Rxa8 17. Bxe6 Nxe6 18. a3 b6 19. Nd2 Rd8 20. Nc4 Nd4 21. Kf1 Bf6 22. Bxh6 g5 23. h4 gxh4 24. Bc1 Nxc2 25. Rxd8+ Bxd8 26. Nxe5 c5 27. Nc6 Bc7 28. Nxa7 Be5 29. Nd5 Bd4 30. Nc6 f6 31. Nxb6 Kf7 32. a4 Ng7 33. a5 Ne8 34. Nxd4 Nxd4 35. Be3 Nc6 36. Bxc5 Nxa5 37. Ke2 Nb3 38. Be3 Nd6 39. Kd3 Ke6 40. f3 f5 41. Bg5 fxe4+ 42. fxe4 Nc5+ 43. Ke3 Ndxe4 44. Bxh4 Kf5 45. Nd5 Kg4 46. Be7 Kf5 47. Bxc5 Nxc5 48. Kf3 Nd3 49. Ne3+ Ke6 50. b3 Nb4 51. Kg4 Kf7 52. Kf5 Nc6 53. g4 Nd4+ 54. Kg5 Nxb3 55. Kh6 Nc5 56. g5 Ne6 57. g6+ Kf8 58. Kh7 Ng5+ 59. Kh6 Nf7+ 60. gxf7 Kxf7 1/2-1/2

[Event "CZE-ch U16 Girls 2023"]
[Site "Teplice"]
[Date "2023.03.16"]
[Round "7.1"]
[White "Stavova, Marketa"]
[Black "Zelbova, Lada"]
[Result "0-1"]
[ECO "D31"]
[WhiteElo "1284"]
[BlackElo "1822"]
[Annotator "NA RC COMBH"]
[PlyCount "46"]
[EventDate "2023.03.09"]
[EventType "swiss"]
[EventCountry "CZE"]
[SourceTitle "playchess.com"]
[Source "ChessBase"]
[SourceQuality "1"]
[TimeControl "40/5400+30:1800+30"]

1. d4 d5 2. c4 e6 3. Nc3 c6 4. cxd5 exd5 5. Nf3 Nf6 6. Bg5 Be7 7. Qc2 O-O 8. e3 Ne4 9. Bxe7 Qxe7 10. Bd3 Re8 11. h3 Nd7 12. O-O f6 13. Nd2 f5 14. Be2 Ndf6 15. Ncxe4 Nxe4 16. Nxe4 fxe4 17. Kh1 Qh4 18. Qc5 {[%emt 0:05:34] [#]} Bxh3 $1 19. g3 Qf6 20. Rg1 Qh6 21. Rge1 Bg4+ 22. Kg1 Bf3 23. Bxf3 exf3 0-1

[Event "CZE-ch U16 Girls 2023"]
[Site "Teplice"]
[Date "2023.03.16"]
[Round "7.2"]
[White "Havelkova, Beata"]
[Black "Cinkova, Vicky"]
[Result "0-1"]
[ECO "A04"]
[WhiteElo "1670"]
[BlackElo "1285"]
[Annotator "NA RC COMBH"]
[PlyCount "62"]
[EventDate "2023.03.09"]
[EventType "swiss"]
[EventCountry "CZE"]
[SourceTitle "playchess.com"]
[Source "ChessBase"]
[SourceQuality "1"]
[TimeControl "40/5400+30:1800+30"]

1. Nf3 c6 2. e3 d5 3. b3 Bg4 4. Bb2 Nd7 5. d4 e6 6. Be2 Bd6 7. O-O f5 8. Nbd2 Ngf6 9. c4 O-O 10. Ne5 Bxe2 11. Qxe2 Ne4 12. Nxd7 Qxd7 13. Nf3 Rf6 14. Ne5 Qe7 15. f3 Ng5 16. Rae1 Rh6 17. g3 Rf8 18. Kg2 Rff6 19. Nd3 Nh3 20. Rh1 Rfg6 21. Ne5 Bxe5 22. dxe5 f4 23. g4 Rh4 24. Bc1 Qg5 25. exf4 Nxf4+ 26. Bxf4 Qxf4 27. h3 h5 28. Qe3 hxg4 29. fxg4 Rhxg4+ 30. hxg4 Qxg4+ 31. Kf1 Qg2# 0-1

[Event "CZE-ch U16 Girls 2023"]
[Site "Teplice"]
[Date "2023.03.16"]
[Round "7.3"]
[White "Vacekova, Anita"]
[Black "Kavanova, Anezka"]
[Result "1-0"]
[ECO "C70"]
[WhiteElo "1350"]
[BlackElo "1384"]
[Annotator "NA RC COMBH"]
[PlyCount "97"]
[EventDate "2023.03.09"]
[EventType "swiss"]
[EventCountry "CZE"]
[SourceTitle "playchess.com"]
[Source "ChessBase"]
[SourceQuality "1"]
[TimeControl "40/5400+30:1800+30"]

1. e4 e5 2. Nf3 Nc6 3. Bb5 a6 4. Ba4 b5 5. Bb3 Na5 6. a4 Nxb3 7. cxb3 Bb7 8. d3 d6 9. O-O Nf6 10. Bg5 Be7 11. Nbd2 c5 12. Re1 O-O 13. Rc1 Rc8 14. h3 Nd5 15. Bxe7 Nxe7 16. Nf1 Re8 17. Ng3 Ng6 18. Nf5 d5 19. Nd2 Nf4 20. Re3 Re6 21. Kh2 Rg6 22. g3 Ne6 23. exd5 Nd4 24. Rxe5 Nxf5 25. Rxf5 Bxd5 26. Ne4 Rgc6 27. Nc3 Be6 28. Rf3 Qd7 29. g4 Qc7+ 30. Kg1 b4 31. Ne4 Bd5 32. Re3 Re8 33. Nf6+ gxf6 34. Rxe8+ Kg7 35. Re3 Qf4 36. Qc2 Rc8 37. Rce1 h5 38. gxh5 Bf3 39. Rxf3 Qxf3 40. Kh2 Qxh5 41. Qe2 Qxe2 42. Rxe2 Rd8 43. Re3 Kh6 44. Kg2 Rd4 45. Kf3 f5 46. Ke2 f6 47. Re6 Kg5 48. Rxa6 Rd8 49. Rc6 1-0

[Event "CZE-ch U16 Girls 2023"]
[Site "Teplice"]
[Date "2023.03.16"]
[Round "7.4"]
[White "Archlebova, Stela"]
[Black "Janouskova, Adela"]
[Result "0-1"]
[ECO "B51"]
[WhiteElo "1360"]
[BlackElo "1558"]
[Annotator "NA RC COMBH"]
[PlyCount "62"]
[EventDate "2023.03.09"]
[EventType "swiss"]
[EventCountry "CZE"]
[SourceTitle "playchess.com"]
[Source "ChessBase"]
[SourceQuality "1"]
[TimeControl "40/5400+30:1800+30"]

1. e4 c5 2. Nf3 d6 3. Bb5+ Nc6 4. O-O Bd7 5. d3 g6 6. Be3 Bg7 7. Qc1 Nf6 8. Bh6 O-O 9. Bxg7 Kxg7 10. Nc3 a6 11. Bxc6 Bxc6 12. Re1 e5 13. Qd2 Qd7 14. Rad1 Nh5 15. Ne2 f5 16. Ng3 Nxg3 17. hxg3 f4 18. gxf4 Rxf4 19. c3 Qg4 20. d4 Rxf3 21. Kf1 Rf6 22. dxe5 dxe5 23. Qd3 Raf8 24. Re2 Qh4 25. Kg1 Rxf2 26. Rxf2 Qxf2+ 27. Kh1 Rf4 28. g3 Bxe4+ 29. Qxe4 Rxe4 30. c4 Re2 31. g4 Qh2# 0-1

[Event "CZE-ch U16 Girls 2023"]
[Site "Teplice"]
[Date "2023.03.16"]
[Round "7.5"]
[White "Dobsa, Emma"]
[Black "Dudkova, Josefina"]
[Result "1/2-1/2"]
[ECO "B01"]
[WhiteElo "1449"]
[BlackElo "1519"]
[Annotator "NA RC COMBH"]
[PlyCount "116"]
[EventDate "2023.03.09"]
[EventType "swiss"]
[EventCountry "CZE"]
[SourceTitle "playchess.com"]
[Source "ChessBase"]
[SourceQuality "1"]
[TimeControl "40/5400+30:1800+30"]

1. e4 d5 2. exd5 Nf6 3. d4 Bg4 4. Bb5+ Nbd7 5. f3 Bf5 6. Nc3 a6 7. Ba4 b5 8. Bb3 Nb6 9. Nge2 Nbxd5 10. Nxd5 Nxd5 11. O-O e6 12. Ng3 Bg6 13. f4 Nf6 14. f5 exf5 15. Nxf5 Bxf5 16. Rxf5 Be7 17. a4 c6 18. Be3 O-O 19. Qf3 Qd7 20. Rf1 Qc7 21. g4 Bd6 22. Rxf6 gxf6 23. Qxf6 Qe7 24. Qh6 Rae8 25. Bg5 Bxh2+ 26. Kg2 Qe2+ 27. Rf2 Qxg4+ 28. Kxh2 Re2 29. Be3 Rxf2+ 30. Bxf2 Qg6 31. Qxg6+ hxg6 32. Kh3 Kg7 33. axb5 axb5 34. d5 cxd5 35. Bxd5 Rd8 36. Be4 f5 37. Bd3 b4 38. Bb6 Rd5 39. Bc4 Rd2 40. Bb3 Re2 41. Bc5 Re4 42. Bd5 Rg4 43. b3 g5 44. Bc4 Rh4+ 45. Kg2 g4 46. Bxb4 Rh3 47. Bd6 Kf6 48. Bd5 Rc3 49. Bf4 Rxc2+ 50. Kf1 Rc3 51. Ke2 Kg6 52. b4 Rc2+ 53. Kd3 Rb2 54. Kc3 Rb1 55. Kc4 Rf1 56. Bg3 f4 57. Bxf4 Rxf4+ 58. Kc5 Rxb4 1/2-1/2

[Event "CZE-ch U16 Girls 2023"]
[Site "Teplice"]
[Date "2023.03.16"]
[Round "7.6"]
[White "Dominikova, Denisa"]
[Black "Hetfleischova, Elen"]
[Result "0-1"]
[ECO "B33"]
[WhiteElo "1301"]
[BlackElo "1623"]
[Annotator "NA RC COMBH"]
[PlyCount "63"]
[EventDate "2023.03.09"]
[EventType "swiss"]
[EventCountry "CZE"]
[SourceTitle "playchess.com"]
[Source "ChessBase"]
[SourceQuality "1"]
[TimeControl "40/5400+30:1800+30"]

1. e4 c5 2. Nf3 Nc6 3. d4 cxd4 4. Nxd4 Nf6 5. Nc3 e6 6. Be2 Bb4 7. f3 d5 8. Nxc6 bxc6 9. exd5 Nxd5 10. Bd2 Nxc3 11. bxc3 Bc5 12. Bd3 Qh4+ 13. g3 Qf6 14. Qe2 O-O 15. Qe4 Qf5 16. Qxc6 Qe5+ 17. Kd1 Rb8 18. Re1 Qh5 19. g4 Qd5 20. Qxd5 exd5 21. Re5 Be6 22. Rh5 g6 23. Re5 Bd6 24. Re2 Rb7 25. h4 Rfb8 26. Re1 Bg3 27. Rh1 Rb1+ 28. Ke2 Rxa1 29. Rxa1 Bxh4 30. Ke3 Re8 31. Bb5 Bd7+ 32. Kd4 0-1

[Event "CZE-ch U16 Girls 2023"]
[Site "Teplice"]
[Date "2023.03.16"]
[Round "7.7"]
[White "Hrbkova, Johana"]
[Black "Sikorova, Jana"]
[Result "0-1"]
[ECO "B22"]
[WhiteElo "1254"]
[BlackElo "1735"]
[Annotator "NA RC COMBH"]
[PlyCount "72"]
[EventDate "2023.03.09"]
[EventType "swiss"]
[EventCountry "CZE"]
[SourceTitle "playchess.com"]
[Source "ChessBase"]
[SourceQuality "1"]
[TimeControl "40/5400+30:1800+30"]

1. e4 c5 2. c3 d5 3. exd5 Qxd5 4. d4 e6 5. Nf3 Nf6 6. Bd3 cxd4 7. cxd4 Nc6 8. Nc3 Qd8 9. O-O Be7 10. Bf4 O-O 11. Re1 b6 12. Re2 Bb7 13. Rd2 Nb4 14. Bb1 Nbd5 15. Nxd5 Bxd5 16. Ne5 Rc8 17. Bd3 Ne4 18. Re2 Nd6 19. Re3 Nf5 20. Rh3 g6 21. Qg4 Bf6 22. Rh5 Bg7 23. Rh3 Bb7 24. Nf3 h5 25. Rxh5 gxh5 26. Qxh5 Bxf3 27. Qxf3 Qxd4 28. g4 Nh4 29. Qg3 Rfd8 30. Rd1 Ng6 31. Bg5 Rd5 32. h4 Qxb2 33. Rd2 Qc1+ 34. Kg2 Rxg5 35. h5 Qxd2 36. hxg6 f5 0-1

[Event "CZE-ch U16 Girls 2023"]
[Site "Teplice"]
[Date "2023.03.16"]
[Round "7.8"]
[White "Barteckova, Denisa"]
[Black "Reznickova, Sibyla"]
[Result "0-1"]
[ECO "C53"]
[WhiteElo "1417"]
[BlackElo "1386"]
[Annotator "NA RC COMBH"]
[PlyCount "62"]
[EventDate "2023.03.09"]
[EventType "swiss"]
[EventCountry "CZE"]
[SourceTitle "playchess.com"]
[Source "ChessBase"]
[SourceQuality "1"]
[TimeControl "40/5400+30:1800+30"]

1. e4 e5 2. Nf3 Nc6 3. Bc4 Bc5 4. c3 d6 5. h3 Nf6 6. d3 O-O 7. a4 a5 8. O-O Be6 9. Bxe6 fxe6 10. Re1 Qe8 11. Be3 Bb6 12. Qb3 Bxe3 13. fxe3 b6 14. Na3 Nh5 15. Nh2 Ng3 16. Nb5 Qf7 17. Qc2 Rac8 18. Nf1 Qg6 19. Kh2 Nh5 20. g4 Nf6 21. Ng3 Rf7 22. Qe2 Ne7 23. b4 d5 24. Qg2 Rcf8 25. Re2 Qh6 26. Kg1 Ng6 27. Rf1 Nh4 28. Qh1 Qg5 29. bxa5 bxa5 30. c4 dxc4 31. dxc4 h5 0-1

[Event "CZE-ch U16 Girls 2023"]
[Site "Teplice"]
[Date "2023.03.16"]
[Round "7.9"]
[White "Vavrinkova, Marie"]
[Black "Mullerova, Karina Nela"]
[Result "1-0"]
[ECO "C00"]
[WhiteElo "1457"]
[BlackElo "1283"]
[Annotator "NA RC COMBH"]
[PlyCount "91"]
[EventDate "2023.03.09"]
[EventType "swiss"]
[EventCountry "CZE"]
[SourceTitle "playchess.com"]
[Source "ChessBase"]
[SourceQuality "1"]
[TimeControl "40/5400+30:1800+30"]

1. e4 e6 2. d3 d5 3. Nd2 c5 4. g3 Nc6 5. Bg2 Bd6 6. exd5 exd5 7. Bxd5 Nge7 8. Bg2 O-O 9. Ngf3 Bg4 10. O-O Ng6 11. h3 Be6 12. Ne4 Be7 13. Be3 b6 14. Nh2 f5 15. Nxc5 bxc5 16. Bxc6 Rc8 17. Bg2 f4 18. Bd2 fxg3 19. fxg3 Qd4+ 20. Kh1 Qxb2 21. Qe1 Rxf1+ 22. Nxf1 Qf6 23. Bc3 Qf7 24. Ne3 Bd6 25. Rb1 Bxa2 26. Ba5 Rb8 27. Rxb8+ Bxb8 28. c4 Qe8 29. Qf2 Bb3 30. Bd5+ Kh8 31. Ng4 Qf8 32. Qe3 Bd6 33. Bc3 Ba4 34. Nh6 Be8 35. Kg2 Qe7 36. Bxg7+ Qxg7 37. Qxe8+ Qf8 38. Nf7+ Kg7 39. Qd7 Be7 40. Qxa7 Nh8 41. Ng5 Kh6 42. Ne6 Qf6 43. Qa2 Qc3 44. Qf2 Ng6 45. Qe3+ Kh5 46. Bf3# 1-0

[Event "CZE-ch U16 Girls 2023"]
[Site "Teplice"]
[Date "2023.03.16"]
[Round "7.12"]
[White "Macova, Marketa"]
[Black "Foldynova, Julie"]
[Result "1/2-1/2"]
[ECO "C26"]
[WhiteElo "1195"]
[BlackElo "1100"]
[Annotator "NA RC COMBH"]
[PlyCount "99"]
[EventDate "2023.03.09"]
[EventType "swiss"]
[EventCountry "CZE"]
[SourceTitle "playchess.com"]
[Source "ChessBase"]
[SourceQuality "1"]
[TimeControl "40/5400+30:1800+30"]

1. e4 e5 2. Nc3 Nf6 3. f4 d6 4. Nf3 Qe7 5. Bc4 Be6 6. Bxe6 fxe6 7. fxe5 dxe5 8. Nxe5 g6 9. d3 Nbd7 10. Nxd7 Nxd7 11. Be3 Bg7 12. Qd2 O-O 13. O-O-O a6 14. h4 b5 15. Bh6 Rfb8 16. h5 Bxh6 17. Qxh6 g5 18. Rhf1 Rf8 19. d4 Rae8 20. Ne2 Kh8 21. e5 c5 22. Rfe1 Qg7 23. Qxg7+ Kxg7 24. g4 cxd4 25. Nxd4 Nc5 26. Rf1 Rf7 27. Rxf7+ Kxf7 28. Rf1+ Kg8 29. Kd2 Nd7 30. Nf3 h6 31. Ke3 Nc5 32. Kd4 Nd7 33. b3 Rd8 34. Kc3 a5 35. a3 Rc8+ 36. Kb2 Rc5 37. Re1 b4 38. axb4 axb4 39. Re4 Rb5 40. c3 bxc3+ 41. Kxc3 Rxb3+ 42. Kxb3 Nc5+ 43. Kc4 Nxe4 44. Kd4 Nf2 45. Nh2 Kf7 46. Kc5 Ke7 47. Kc6 Nd3 48. Nf3 Nf2 49. Nh2 Nd3 50. Nf3 1/2-1/2